 Dungeon Crawl Stone Soup version 0.31.0-12-g77e489cdc1 (webtiles) character file.

Game seed: 7474430431107200546

42049 Millikuen the Fighter (level 13, -2/125 HPs)
             Began as a Minotaur Fighter on Feb 23, 2024.
             Was an Elder of Ru.
             Slain by a 12-headed hydra (5 damage)
             ... on level 4 of the Lair of Beasts.
             The game lasted 01:01:58 (13038 turns).

Millikuen the Fighter (Minotaur Fighter)           Turns: 13038, Time: 01:01:59

Health: -2/125     AC: 24    Str: 29    XL:     13   Next: 83%
Magic:  12/12      EV: 10    Int:  5    God:    Ru [****..]
Gold:   950        SH:  8    Dex: 15    Spells: 12/12 levels left

rFire   + + +        a - +3 war axe (chaos)
rCold   . . .        c - +0 buckler
rNeg    . . .        y - +7 fire dragon scales of Weirdness {rF++ rC- Regen+ Str+2 Slay+3 SInv}
rPois   +            (helmet restricted)
rElec   .            r - scarf {rC+ rF+}
rCorr   .            l - +2 pair of gloves
SInv    +            (no boots)
Will    .....        E - amulet of regeneration Stlth
                     J - +6 ring of dexterity
HPRegen 2.00/turn    D - ring of poison resistance
MPRegen 0.13/turn

%: no passive effects
@: no status effects
A: horns 2, no stealth, inability to use devices, no air magic, no alchemy
magic, no translocations magic, retaliatory headbutt, no forms
a: Renounce Religion, Draw Out Power, Power Leap


You were on level 4 of the Lair of Beasts.
You worshipped Ru.
Ru was greatly pleased with you.
You visited 5 branches of the dungeon, and saw 19 of its levels.
You also visited: Volcano.

You collected 950 gold pieces.

Inventory:

Hand Weapons
 a - a +3 war axe of chaos (weapon)
 j - a +3 trident of draining
 t - the +6 dagger "Hikoeg" {drain, rF+}
   (You found it on level 6 of the Dungeon)

   rF+:       It protects you from fire.
 L - a +2 heavy battleaxe
Missiles
 h - 21 boomerangs
 z - 8 curare-tipped darts
 A - 21 poisoned darts (quivered)
 B - 2 throwing nets
 H - 4 silver javelins
 P - 6 javelins
Armour
 c - a +0 buckler (worn)
 l - a +2 pair of gloves (worn)
 r - a scarf of resistance (worn)
 w - the +0 chain mail of the Abyss {rPois Dex+3 Stlth+}
   (You found it on level 10 of the Dungeon)

   Dex+3:     It affects your dexterity (+3).
   rPois:     It protects you from poison Stlth+: It makes you more stealthy.
 x - a +1 plate armour of cold resistance
 y - the +7 fire dragon scales of Weirdness (worn) {rF++ rC- Regen+ Str+2 Slay+3 SInv}
   (You acquired it on level 4 of the Dungeon)

   Str+2:     It affects your strength (+2).
   Slay+3:    It affects your accuracy & damage with ranged weapons and melee
   (+3).
   rF++:      It greatly protects you from fire.
   rC-:       It makes you vulnerable to cold.
   SInv:      It lets you see invisible.
   Regen+:    It increases your rate of health regeneration.
Jewellery
 u - an amulet of the acrobat
 v - an amulet of magic regeneration
 D - a ring of poison resistance (right hand)
 E - an amulet of regeneration (around neck)
 F - a ring of ice
 G - an amulet of reflection
 J - a +6 ring of dexterity (left hand)
 R - an amulet of reflection
Scrolls
 g - 4 scrolls of blinking
 m - 2 scrolls of fear
 n - 6 scrolls of teleportation
 p - 2 scrolls of fog
 s - 5 scrolls of revelation
 C - 2 scrolls of poison
 I - 2 scrolls of immolation
 M - a scroll of amnesia
Potions
 d - 3 potions of might
 e - a potion of resistance
 f - 7 potions of lignification
 i - 12 potions of curing
 o - a potion of ambrosia
 q - 7 potions of enlightenment
 K - 3 potions of magic
 N - 2 potions of haste
 O - a potion of invisibility


   Skills:
 + Level 14.9 Fighting
 + Level 14.6 Axes
 + Level 14.9 Armour
 + Level 14.8 Shields


You had 12 spell levels left.
You didn't know any spells.
Your spell library contained the following spells:

 Spells                   Type           Power      Damage    Failure   Level
 Magic Dart               Conj           0%         1d3       73%         1
 Summon Small Mammal      Summ           0%         N/A       73%         1
 Call Imp                 Summ           0%         N/A       86%         2
 Call Canine Familiar     Summ           0%         N/A       97%         3
 Dazzling Flash           Conj/Hex       0%         N/A       97%         3
 Frozen Ramparts          Ice            0%         1d1       97%         3
 Sigil of Binding         Hex            0%         N/A       97%         3
 Tukima's Dance           Hex            0%         N/A       97%         3
 Animate Armour           Summ/Erth      0%         N/A       100%        4
 Summon Blazeheart Golem  Fire/Summ      0%         N/A       100%        4
 Curse of Agony           Necr           0%         N/A       100%        5
 Lee's Rapid Deconstruct  Erth           0%         3d4*      100%        5
 Metabolic Englaciation   Hex/Ice        0%         N/A       100%        5
 Starburst                Conj/Fire      0%         6d3       100%        6
 Blink                    Tloc           Unusable   N/A       N/A         2
 Lesser Beckoning         Tloc           Unusable   N/A       N/A         2
 Gell's Gravitas          Tloc           Unusable   N/A       N/A         3
 Mephitic Cloud           Conj/Alch/Air  Unusable   N/A       N/A         3
 Teleport Other           Tloc           Unusable   N/A       N/A         3
 Volatile Blastmotes      Fire/Tloc      Unusable   2d10      N/A         3
 Dimensional Bullseye     Hex/Tloc       Unusable   N/A       N/A         4
 Fulminant Prism          Conj/Alch      Unusable   3d5       N/A         4
 Iskenderun's Mystic Bla  Conj/Tloc      Unusable   2d3       N/A         4
 Leda's Liquefaction      Alch/Erth      Unusable   N/A       N/A         4
 Passage of Golubria      Tloc           Unusable   N/A       N/A         4
 Petrify                  Alch/Erth      Unusable   N/A       N/A         4
 Summon Lightning Spire   Summ/Air       Unusable   N/A       N/A         4
 Silence                  Hex/Air        Unusable   N/A       N/A         5
 Yara's Violent Unravell  Hex/Alch       Unusable   3d3       N/A         5
 Dispersal                Tloc           Unusable   N/A       N/A         6
 Maxwell's Capacitive Co  Air            Unusable   ∞         N/A         8

Dungeon Overview and Level Annotations

Branches:
Dungeon (11/15)            Temple (1/1) D:7            Lair (4/5) D:9
 Shoals (2/4) Lair:3       Spider (1/4) Lair:2          Orc (0/2) D:10
Volcano (visited)
  Slime: Lair:4-5

Altars:
Ashenzari
Cheibriados
Dithmenos
Elyvilon
Fedhas
Gozag
Hepliaklqana
Kikubaaqudgha
Makhleb
Nemelex Xobeh
Okawaru
Qazlal
Ru
Sif Muna
Trog
Uskayaw
Vehumet
Wu Jian
Xom
Yredelemnul
Zin
The Shining One

Shops:
D:6 *   D:10 [   Shoals:1 (

Annotations:
Shoals:1 3 runed translucent doors, diceflayer's ghost, adept DsFi
Spider:1 Jorgrun


Innate Abilities, Weirdness & Mutations

You have a pair of horns on your head.
You cannot be stealthy.
You cannot study or use magical devices.
You cannot study or cast Air magic.
You cannot study or cast Alchemy magic.
You cannot study or cast Translocations magic.
You reflexively headbutt those who attack you in melee.
You cannot voluntarily change form.


Message History

The 11-headed hydra bites you but does no damage.
You block the 11-headed hydra's attack.
The 11-headed hydra bites you but does no damage.
You block the 11-headed hydra's attack. The 11-headed hydra closely misses you.
The 11-headed hydra bites you but does no damage. x2
The 11-headed hydra bites you. The 11-headed hydra barely misses you.
The 11-headed hydra bites you! x2
The skyshark bites you but does no damage.
The skyshark tail-slaps you but does no damage.
The skyshark tail-slaps you.
You slash the skyshark! Lightning courses through the skyshark!
You kill the skyshark!
You slash the fungus!
Nothing appears to happen.
You chop one of the 11-headed hydra's heads off!
The ten-headed hydra grows two more!
You slash the 12-headed hydra!
You feel better.
A nearby fungus withers and dies.
The 12-headed hydra bites you! The 12-headed hydra closely misses you.
The 12-headed hydra bites you but does no damage.
The 12-headed hydra bites you!! The 12-headed hydra barely misses you.
The 12-headed hydra bites you. The 12-headed hydra bites you! x2
* * * LOW HITPOINT WARNING * * *
The 12-headed hydra bites you but does no damage.
The 12-headed hydra bites you!
* * * LOW HITPOINT WARNING * * *
The 12-headed hydra bites you!
* * * LOW HITPOINT WARNING * * *
The 12-headed hydra bites you but does no damage.
You feel much better. The yak gores you.
* * * LOW HITPOINT WARNING * * *
The 12-headed hydra bites you!
* * * LOW HITPOINT WARNING * * *
You block the 12-headed hydra's attack. The 12-headed hydra bites you!
* * * LOW HITPOINT WARNING * * *
The 12-headed hydra closely misses you.
The 12-headed hydra bites you but does no damage.
The 12-headed hydra bites you.
* * * LOW HITPOINT WARNING * * *
You focus your inner power and illuminate the 12-headed hydra in retribution!
The 12-headed hydra bites you.
You die...

#...##..##...>....#
###..#####........# #.##
#....†..### #..#
#........# #..#
###....### ##.##
#......#### #.
#..######.........
#..###.##.............
#YY@......+........#
......†D.###.##.......##
.##...#.## ###........P#
##.##.# ##........# #..
##. #........## ## #
#........P# ###+#######


You could see a 12-headed hydra (strong, corona) and 2 yaks.

Vanquished Creatures
  A merfolk impaler (Shoals:1)
  Fannar (D:11)
  A two-headed ogre (D:11)
  A hell hog (Volcano)
  Sonja (Lair:4)
  A fire crab (Volcano)
  3 skysharks
  A sea snake (Shoals:1)
  A wolf spider (Lair:2)
  5 harpies (Shoals:1)
  3 manticores (Shoals:1)
  6 elephants (Lair:1)
  7 fauns (Shoals:1)
  A moth of wrath (Spider:1)
  2 black mambas
  2 merfolk sirens (Shoals:1)
  2 gargoyles
  A torpor snail (Spider:1)
  3 water nymphs (Shoals:1)
  6 cane toads
  A kobold demonologist (D:10)
  A rime drake (Lair:1)
  Jeremiah (D:9)
  4 komodo dragons
  A hornet (D:8)
  8 merfolk
  3 trolls
  A polar bear (Lair:4)
  2 wind drakes (Shoals:1)
  4 snapping turtles
  4 tarantellas
  8 blink frogs
  10 dream sheep (Lair:3)
  2 jumping spiders (Spider:1)
  3 wraiths
  8 fire bats (Volcano)
  2 basilisks
  5 wyverns
  A steam dragon (D:8)
  A culicivora (Spider:1)
  24 yaks
  2 redbacks (Spider:1)
  The ghost of Millikuen the Grave Robber, an amateur DsNe (D:3)
  3 acid dragons
  5 water moccasins
  2 hell hounds (Volcano)
  7 orc warriors
  2 ice beasts (D:6)
  2 black bears
  An ogre (D:5)
  5 centaurs
  8 wolves
  5 kobold brigands
  A phantom (D:4)
  10 bullfrogs
  2 scorpions
  8 wights
  An electric eel (Lair:3)
  3 howler monkeys
  A bombardier beetle (D:5)
  5 hounds
  4 lava snakes (Volcano)
  5 orc priests
  A gnoll bouda (D:10)
  2 sleepcaps
  7 iguanas
  7 orc wizards
  9 gnolls
  5 adders
  A shadow imp (D:7)
  3 white imps
  5 ufetubi
  4 dart slugs
  2 ribbon worms
  38 orcs
  6 ball pythons
  14 endoplasms
  A giant cockroach (D:2)
  12 goblins
  6 hobgoblins
  3 quokkas
  6 bats
  A frilled lizard (D:2)
  19 kobolds
  2 rats
380 creatures vanquished.

Vanquished Creatures (collateral kills)
  A redback (Spider:1)
  An orc warrior (D:10)
2 creatures vanquished.

Vanquished Creatures (others)
  A harpy (Shoals:2)
  A yak (Lair:1)
2 creatures vanquished.

Grand Total: 384 creatures vanquished

Notes
Turn   | Place    | Note
-------+----------+-------------------------------------------
     0 | D:1      | Millikuen the Minotaur Fighter began the quest for the Orb.
     0 | D:1      | Reached XP level 1. HP: 19/19 MP: 0/0
   212 | D:1      | Reached XP level 2. HP: 18/27 MP: 1/1
   672 | D:1      | Reached XP level 3. HP: 33/33 MP: 2/2
  1214 | D:3      | Found a runed translucent gate.
  1215 | D:3      | Found a runed translucent gate.
  1215 | D:3      | Found a runed translucent gate.
  1215 | D:3      | Noticed Millikuen's ghost (amateur DsNe)
  1225 | D:3      | Reached XP level 4. HP: 41/41 MP: 3/3
  1766 | D:3      | Found a glowing silver altar of Zin.
  1766 | D:3      | Found an opulent altar of Gozag.
  2177 | D:4      | Reached XP level 5. HP: 45/47 MP: 4/4
  2276 | D:4      | You fall into a shaft and drop 1 floor!
  2276 | D:5      | Entered Level 5 of the Dungeon
  2373 | D:5      | Noticed an ogre
  2383 | D:5      | Killed an ogre
  2384 | D:5      | Reached skill level 5 in Fighting
  2384 | D:5      | Reached skill level 5 in Armour
  2384 | D:5      | Reached skill level 5 in Shields
  2384 | D:5      | Reached XP level 6. HP: 38/56 MP: 3/5
  2783 | D:5      | Reached skill level 5 in Axes
  2783 | D:5      | Reached XP level 7. HP: 58/62 MP: 6/6
  3124 | D:3      | Killed Millikuen's ghost
  3280 | D:4      | Identified a scroll of acquirement
  3280 | D:4      | Acquired the +7 fire dragon scales of Weirdness {rF++ rC-
                  | Regen+ Str+2 Slay+3 SInv}
  3894 | D:6      | Identified the +6 dagger "Hikoeg" {drain, rF+}
  4087 | D:6      | Reached XP level 8. HP: 71/71 MP: 7/7
  4117 | D:6      | Found Ilaurea's Elemental Accessories.
  5103 | D:7      | Found a staircase to the Ecumenical Temple.
  5116 | Temple   | Entered the Ecumenical Temple
  5158 | Temple   | Became a worshipper of Ru the Awakened
  5266 | D:7      | Reached XP level 9. HP: 50/81 MP: 8/8
  5711 | D:8      | Found an ancient bone altar of Kikubaaqudgha.
  6096 | D:8      | Gained mutation: You cannot study or use magical devices.
                  | [Ru sacrifice]
  6096 | D:8      | Reached * piety under Ru
  6096 | D:8      | Reached ** piety under Ru
  6496 | D:9      | Reached XP level 10. HP: 89/91 MP: 9/9
  6680 | D:9      | Found a staircase to the Lair.
  6775 | D:9      | Found a hide-covered altar of Uskayaw.
  6776 | D:9      | Found a snail-covered altar of Cheibriados.
  6848 | D:9      | Noticed Jeremiah
  6850 | D:9      | Found a shadowy altar of Dithmenos.
  6900 | D:9      | Found an iron altar of Okawaru.
  6905 | D:9      | Killed Jeremiah
  6939 | D:9      | Found a shimmering blue altar of Sif Muna.
  6942 | D:9      | Found a stormy altar of Qazlal.
  7074 | D:10     | Entered Level 10 of the Dungeon
  7178 | D:10     | Reached skill level 10 in Fighting
  7178 | D:10     | Reached skill level 10 in Armour
  7208 | D:10     | Reached skill level 10 in Shields
  7270 | D:10     | Identified the +0 chain mail of the Abyss {rPois Dex+3
                  | Stlth+}
  7390 | D:10     | Found a staircase to the Orcish Mines.
  7530 | D:10     | Reached skill level 10 in Axes
  7625 | D:10     | Noticed a gargoyle
  7633 | D:10     | Killed a gargoyle
  7676 | D:10     | Gained mutation: You cannot voluntarily change form. [Ru
                  | sacrifice]
  7676 | D:10     | Reached *** piety under Ru
  7688 | D:10     | Found Jirearem's Armour Shop.
  7802 | D:11     | Noticed Fannar
  7818 | D:11     | Killed Fannar
  7819 | D:11     | Reached XP level 11. HP: 52/101 MP: 10/10
  7911 | D:11     | Found a white marble altar of Elyvilon.
  8051 | D:11     | Noticed a two-headed ogre
  8056 | D:11     | Killed a two-headed ogre
  8146 | D:11     | Found a gate leading to a gauntlet.
  8339 | Lair:1   | Entered Level 1 of the Lair of Beasts
  8943 | Lair:1   | You fall into a shaft and drop 1 floor!
  9011 | Lair:2   | Found a dark tunnel.
  9016 | Volcano  | Entered a volcano
  9202 | Volcano  | Noticed a hell hog
  9209 | Volcano  | Killed a hell hog
  9217 | Volcano  | Found a radiant altar of Vehumet.
  9232 | Volcano  | Noticed an obsidian statue
  9237 | Volcano  | Noticed a fire crab
  9246 | Volcano  | Killed a fire crab
  9538 | Lair:2   | Reached XP level 12. HP: 113/113 MP: 11/11
  9591 | Lair:2   | Found a hole to the Spider Nest.
  9638 | Spider:1 | Entered Level 1 of the Spider Nest
  9810 | Spider:1 | Noticed a boulder beetle
  9810 | Spider:1 | Noticed Jorgrun
  9812 | Spider:1 | Noticed a spark wasp
  9969 | Lair:2   | Found a broken altar of Ashenzari.
 10589 | Lair:1   | Gained mutation: You cannot study or cast Air magic. [Ru
                  | sacrifice]
 10589 | Lair:1   | Gained mutation: You cannot study or cast Alchemy magic.
                  | [Ru sacrifice]
 10589 | Lair:1   | Gained mutation: You cannot study or cast Translocations
                  | magic. [Ru sacrifice]
 10589 | Lair:1   | Reached **** piety under Ru
 10896 | Lair:3   | Reached XP level 13. HP: 94/123 MP: 12/12
 11169 | Lair:3   | Found a staircase to the Shoals.
 11180 | Shoals:1 | Entered Level 1 of the Shoals
 11631 | Shoals:1 | Found Danweil's Antique Weapon Shop.
 11894 | Shoals:1 | Found a runed translucent gate.
 11894 | Shoals:1 | Found a runed translucent gate.
 11894 | Shoals:1 | Found a runed translucent gate.
 11895 | Shoals:1 | Noticed diceflayer's ghost (adept DsFi)
 11929 | Shoals:1 | Gained mutation: You cannot be stealthy. [Ru sacrifice]
 12092 | Shoals:1 | Noticed a merfolk impaler
 12113 | Shoals:1 | Killed a merfolk impaler
 12168 | Shoals:2 | Noticed a merfolk javelineer
 12768 | Lair:4   | Noticed Sonja
 12781 | Lair:4   | Killed Sonja
 13038 | Lair:4   | HP: 4/125 [12-headed hydra (17)]
 13038 | Lair:4   | Slain by a 12-headed hydra

Illustrated notes

Levels and vault maps discovered:
D:1:      lightli_arrival_farm, layout_basic
D:2:      wad_pebble_path, layout_rooms
D:3:      layout_loops_ring, grunt_temple_overflow_gold_and_silver,
          ebering_ghost_rock_garden, lemuel_flame_loot_1
D:4:      layout_cave_pods, minmay_misc_feat_iff, minmay_misc_feat_enclosed
D:5:      layout_gridville, dreamdust_wishing_well
D:6:      layout_basic, nicolae_elemental_shop, hellmonk_no_cap
D:7:      layout_rooms, minmay_temple_entry_wispy, kennysheep_generic_room_12
D:8:      layout_basic, lemuel_crystal_altar, serial_co_window_serial,
          co_window_paths_a, co_window_paths_a, co_window_paths_a,
          co_window_paths_a, co_window_corner_a, co_window_broadway_a,
          co_window_unsneaky_path_c, co_window_cross_3, co_window_4corner_b,
          co_window_4corner_a, glass_columns_a, glass_columns_c,
          glass_columns_c, glass_columns_a, glass_columns_a
D:9:      layout_rooms, nicolae_overflow_hallway_of_the_gods, lair_entry_dummy,
          uniq_jeremiah
D:10:     layout_irregular_city, david_orc_5, serial_shops, shop
D:11:     layout_cave_pools, gauntlet_entry_generic, amcnicky_mini_pool_small,
          elyvilon_altar_3, uniq_fannar
Temple:   nicolae_temple_figure_eight
Lair:1:   layout_regular_city
Lair:2:   layout_small_grid, spider_nest_entry_rubble,
          nicolae_volcano_entry_s_turn, basic_altar
Lair:3:   layout_cave_pods, shoals_dummy_entry, nicolae_quartered_pool_super
Lair:4:   layout_roguey, slime_entry_1, beast_lair_carwin_7, uniq_sonja
Shoals:1: layout_shoals, serial_shops, nicolae_shop_hallway_plus,
          gammafunk_ghost_necromancy
Shoals:2: layout_shoals, gammafunk_ghost_tricky_traps, nzn_prometheus_bound
Spider:1: layout_spider_delve, nicolae_spider_bug_shape, uniq_roxanne,
          uniq_jorgrun, uniq_frances

Skill      XL: |  1  2  3  4  5  6  7  8  9 10 11 12 13 |
---------------+----------------------------------------+-----
Armour         | 4 5 6 7 9 10 12 13 14 | 14.9
Fighting       | 4 5 6 8 9 10 12 13 14 | 14.9
Shields        | 4 5 6 7 9 10 12 13 14 | 14.8
Axes           | 3 4 5 6 7 9 10 12 13 14 | 14.6

Action                     |  1- 3 |  4- 6 |  7- 9 | 10-12 | 13-15 || total
---------------------------+-------+-------+-------+-------+-------++-------
  Melee: War axe           |    82 |    88 |   195 |   324 |   215 ||   904
         Headbutt          |    11 |    16 |    27 |    85 |    54 ||   193
         Battleaxe         |       |       |       |    86 |    12 ||    98
  Throw: Boomerang         |       |     4 |       |       |       ||     4
         Dart              |       |       |       |    21 |    36 ||    57
 Invoke: Sacrifice Artific |       |       |     1 |       |       ||     1
         Sacrifice Forms   |       |       |       |     1 |       ||     1
         Sacrifice Arcana  |       |       |       |     1 |       ||     1
         Draw Out Power    |       |       |       |       |     2 ||     2
         Sacrifice Stealth |       |       |       |       |     1 ||     1
    Use: Scroll            |     9 |     4 |     6 |    10 |     6 ||    35
         Potion            |       |       |       |     3 |     5 ||     8
   Stab: Confused          |       |     1 |       |     1 |     1 ||     3
         Paralysed         |       |       |     1 |     1 |       ||     2
         Invisible         |       |       |       |     2 |     2 ||     4
         Petrifying        |       |       |       |     3 |       ||     3
         Distracted        |       |       |       |     2 |       ||     2
         Petrified         |       |       |       |     4 |     1 ||     5
 Armour: Scale mail        |    50 |    71 |       |       |       ||   121
         Fire dragon scale |       |       |   155 |   429 |   255 ||   839
         Plate armour      |       |       |     7 |       |       ||     7
  Dodge: Dodged            |    33 |    32 |    85 |   165 |   113 ||   428
  Block: Buckler           |    17 |    19 |    64 |    98 |   101 ||   299
